AoeStats
← [TUMBI] Bobby Fischer

Arabia

510618025Analyzed
1v1 RM · 2d ago on Oct 1, 2026· 33m 39s· 2 players
Game mode
Random Map
Map size
Tiny (2 player)
Population
200
Speed
Normal
Resources
Standard
Victory
Conquest
Starting age
Dark Age
Ending age
Imperial Age
RankedLock teamsTeams togetherTeam positionsShared explorationLock speedFull tech treeHidden civsTurbo modeCheats
Victory
Defeat
🇨🇱 Cumans · Chile
1395
+18
🇫🇷 Mapuche · France
1440
-18
[TUMBI] Bobby Fischer
8:57 Feudal Age
16:24 Loom
18:22 Fletching
24:38 Double-Bit Axe
25:10 Horse Collar
28:16 Castle Age
27:19 Scale Barding Armor
27:25 Forging
28:09 Bloodlines
27:50 Gold Mining
31:54 Iron Casting
32:30 Bodkin Arrow
Ziko
6:43 Loom
9:21 Feudal Age
9:29 Champi Runner
15:33 Fletching
17:06 Padded Archer Armor
20:04 Double-Bit Axe
25:52 Castle Age
24:12 Horse Collar
26:20 Forging
26:10 Scale Mail Armor
25:59 Pikeman
28:18 Chain Mail Armor
Connection lost

Rejoining the realm…

Still unreachable

The connection could not be restored.

Session expired

The server has moved on; the page needs a fresh start.